 Dungeon Crawl Stone Soup version 0.29.0-4-gdea44cf6ec (webtiles) character file.

Game seed: 15753580645993413949

5453 qw the Cleaver (level 10, -1/99 HPs)
             Began as a Gargoyle Berserker on Sept 4, 2022.
             Was an Elder of Trog.
             Slain by a kobold brigand
             ... wielding a +0 whip
              (3 damage)
             ... on level 9 of the Dungeon.
             The game lasted 00:03:17 (10827 turns).

qw the Cleaver (Gargoyle Berserker)                Turns: 10827, Time: 00:03:18

Health: -1/99      AC: 19    Str: 29    XL:     10   Next: 68%
Magic:  10/10      EV:  8    Int:  7    God:    Trog [****..]
Gold:   252        SH:  0    Dex: 12    Spells: 9/9 levels left

rFire   . . .      SeeInvis .   Y - +1 broad axe
rCold   + . .      Faith    .   (no shield)
rNeg    + . .      Spirit   .   n - +0 plate armour
rPois   inf        Reflect  .   (helmet restricted)
rElec   +          Harm     .   (no cloak)
rCorr   +          Rampage  .   (no gloves)
Will    +....                   (no boots)
Stlth   ..........              m - amulet of the acrobat
HPRegen 0.26/turn               f - ring of willpower
MPRegen 0.12/turn               b - ring of the Zealous Tangerine {rPois rCorr Dex+4}

@: berserking, spiked, very quick
A: sickness immunity, AC +7, negative energy resistance 1, electricity
resistance, torment resistance 1, petrification resistance, horns 1, cold
resistance 1, strong 1
a: Renounce Religion, Berserk, Trog's Hand, Brothers in Arms


You were on level 9 of the Dungeon.
You worshipped Trog.
Trog was greatly pleased with you.
You visited 1 branch of the dungeon, and saw 9 of its levels.

You collected 486 gold pieces.
You spent 234 gold pieces at shops.


Innate Abilities, Weirdness & Mutations

You are immune to sickness and miasma.
Your stone body is resilient. (AC +7)
You are immune to poison.
You resist negative energy. (rN+)
You are resistant to electric shocks. (rElec)
You are resistant to unholy torment.
You are immune to petrification.
You have a pair of small horns on your head.
Your flesh is cold resistant. (rC+)
Your muscles are strong. (Str +4, Int/Dex -1)


   Skills:
 - Level 9.3 Fighting
 + Level 11.5 Axes
 - Level 1.0 Throwing
 - Level 6.0 Armour
 - Level 2.1 Dodging


You had 9 spell levels left.
You didn't know any spells.
Your spell library was empty.

Inventory:

Hand Weapons
 p - a +0 war axe of flaming
 Y - a +1 broad axe (weapon)
Missiles
 q - a boomerang (quivered)
Armour
 n - a +0 plate armour (worn)
Jewellery
 b - the ring of the Zealous Tangerine (right hand) {rPois rCorr Dex+4}
   (You acquired it on level 6 of the Dungeon)

   [ring of resist corrosion]

   Dex:       It affects your dexterity (+4).
   rPois:     It protects you from poison.
   rCorr:     It protects you from acid and corrosion.
 f - a ring of willpower (left hand)
 m - an amulet of the acrobat (around neck)
Scrolls
 j - 5 scrolls of teleportation
 k - 6 scrolls of identify
Potions
 c - 5 potions of curing
 d - a potion of mutation
 e - a potion of resistance
 g - a potion of cancellation
 h - a potion of haste
 i - 5 potions of heal wounds
 l - a potion of might

Dungeon Overview and Level Annotations

Branches:
Dungeon (9/15)             Temple (0/1) D:6
   Lair: D:8-11         Orc: D:9-12

Altars:
Gozag
Kikubaaqudgha
Ru
Zin

Shops:
D:5 ?!   D:9 (

Annotations:
D:9 3 transporters


Message History

You kill the shadow imp!
The shadow imp disappears in a puff of smoke!
You slash the gnoll!
You hear a shout! x2
The red devil hits you with a +0 trident.
Barbed spikes become lodged in your body.
You slash the gnoll!
You kill the gnoll!
Trog accepts your kill.
You can now call in reinforcements.
You slash the red devil!
You closely miss the kobold demonologist.
You hit the kobold brigand. You slash the orc priest!
You kill the orc priest!
Trog accepts your kill.
The kobold throws a poisoned dart.
The poisoned dart hits you!
The kobold demonologist mumbles some strange words.
The kobold brigand hits you with a +0 whip!
The red devil hits you with a +0 trident!
Barbed spikes become lodged in your body.
You miss the red devil. You headbutt the red devil.
You kill the red devil!
The red devil disappears in a puff of smoke!
You slice the kobold demonologist!! You miss the kobold brigand.
The kobold demonologist hits you but does no damage.
The kobold brigand hits you but does no damage.
The kobold throws a poisoned dart.
The poisoned dart hits you!
You slice the kobold demonologist!!
You kill the kobold demonologist!
Trog accepts your kill.
Trog appreciates your killing of a magic user.
The crimson imp disappears in a puff of smoke!
You barely miss the kobold brigand. You miss something.
You barely miss the kobold brigand.
The kobold brigand is moderately wounded.
You barely miss something.
You hear some strange, mumbled words.
A magic dart appears from out of thin air!
The magic dart hits you but does no damage.
The kobold brigand hits you with a +0 whip.
You die...

..............####.
..............# ..#
..............###..#
...................#
..................#####
#### #.# #.#... .o.. .
#.###..¤###..###..
###........)K..g....
##......)..¤@K....#..
##...........){?.....#
#..........?..)..##...
####.............)..#
..##............).......
#....................).\.
######...................
##.............#....
##.....#.....###...


You could see a kobold brigand, a gnoll sergeant, an orc and a kobold.

Vanquished Creatures
  Harold (D:9)
  Joseph (D:7)
  3 kobold demonologists (D:9)
  2 wyverns
  A steam dragon (D:9)
  3 water moccasins
  A sky beast (D:6)
  3 orc warriors
  2 black bears
  2 ogres
  A centaur (D:9)
  4 kobold brigands
  2 bullfrogs (D:8)
  3 scorpions
  7 wights
  9 killer bees (D:8)
  An electric eel (D:7)
  6 orc priests
  A gnoll bouda (D:8)
  4 hounds
  2 jellies
  Natasha (thrice) (D:4)
  An iguana (D:6)
  4 orc wizards
  4 gnolls
  11 adders
  An ufetubus (D:5)
  4 worms
  4 dart slugs
  18 orcs
  4 bats (D:1)
  8 endoplasms
  3 giant cockroaches
  9 goblins
  11 hobgoblins
  4 jackals (D:1)
  26 kobolds
  4 quokkas
  8 ball pythons
  3 frilled lizards
  8 rats
197 creatures vanquished.

Vanquished Creatures (others)
  15 plants (D:3)
15 creatures vanquished.

Grand Total: 212 creatures vanquished

Notes
Turn   | Place    | Note
-------+----------+-------------------------------------------
     0 | D:1      | qw the Gargoyle Berserker began the quest for the Orb.
     0 | D:1      | Reached XP level 1. HP: 14/14 MP: 1/1
     0 | D:1      | 0 ||| qw: Version: 0.1-a-103-gd6f5d3a
     0 | D:1      | 0 ||| qw: Game counter: 5587
     0 | D:1      | 0 ||| qw: Always use a shield: true
     0 | D:1      | 0 ||| qw: Do Orc after D:15 true
     0 | D:1      | 0 ||| qw: Do second Lair branch before Depths: true
     0 | D:1      | 0 ||| qw: Lair rune preference: random
     0 | D:1      | 0 ||| qw: Plans: Normal
     0 | D:1      | 0 ||| PLANNING D:1-11
    81 | D:1      | Reached skill level 3 in Axes
   100 | D:1      | 100 ||| Stepping ~*~*~tactically~*~*~ (stealth).
   106 | D:1      | Reached XP level 2. HP: 16/19 MP: 2/2
   513 | D:1      | Reached XP level 3. HP: 16/23 MP: 3/3
   928 | D:1      | Found a faded altar of an unknown god.
  1153 | D:1      | 1153 ||| UPGRADING to +0 ring mail.
  1163 | D:1      | 1163 ||| DROPPING +0 animal skin.
  1164 | D:1      | 1164 ||| READING scroll labelled COIVVE JEFFATI.
  1231 | D:2      | 1231 ||| INVOKING Berserk.
  1234 | D:2      | Reached skill level 4 in Axes
  1428 | D:2      | 1428 ||| INVOKING Berserk.
  1551 | D:2      | 1551 ||| Stepping ~*~*~tactically~*~*~ (hiding).
  1709 | D:2      | Found an opulent altar of Gozag.
  1852 | D:2      | Reached XP level 4. HP: 28/28 MP: 4/4
  2012 | D:2      | 2012 ||| Stepping ~*~*~tactically~*~*~ (stealth).
  2013 | D:2      | 2013 ||| Stepping ~*~*~tactically~*~*~ (stealth).
  2019 | D:2      | 2019 ||| Stepping ~*~*~tactically~*~*~ (stealth).
  2095 | D:2      | 2095 ||| SWAPPING to +0 war axe.
  2099 | D:2      | 2099 ||| DROPPING +0 hand axe.
  2101 | D:2      | Reached ** piety under Trog
  2333 | D:2      | 2333 ||| UPGRADING to +0 scale mail.
  2343 | D:2      | 2343 ||| DROPPING +0 ring mail.
  2344 | D:2      | 2344 ||| READING 2 scrolls labelled TATREDD RETEU.
  2345 | D:2      | 2345 ||| READING 2 scrolls labelled TUOSOF JUUDD.
  2346 | D:2      | 2346 ||| READING scroll of brand weapon.
  2346 | D:2      | 2346 ||| BRANDING +0 war axe of freezing.
  2347 | D:2      | 2347 ||| DROPPING +0 whip.
  2628 | D:3      | 2628 ||| Stepping ~*~*~tactically~*~*~ (stealth).
  2631 | D:3      | 2631 ||| Stepping ~*~*~tactically~*~*~ (stealth).
  2635 | D:3      | 2635 ||| Stepping ~*~*~tactically~*~*~ (stealth).
  2647 | D:3      | 2647 ||| Stepping ~*~*~tactically~*~*~ (stealth).
  2650 | D:3      | 2650 ||| Stepping ~*~*~tactically~*~*~ (stealth).
  2652 | D:3      | 2652 ||| Stepping ~*~*~tactically~*~*~ (stealth).
  2802 | D:3      | Reached skill level 5 in Axes
  2838 | D:3      | Reached XP level 5. HP: 32/32 MP: 5/5
  3406 | D:3      | 3406 ||| DROPPING amulet of faith.
  3407 | D:3      | 3407 ||| DROPPING ring of flight.
  3408 | D:3      | 3408 ||| DRINKING 2 fuming purple potions.
  3408 | D:3      | Gained mutation: Your flesh is cold resistant. (rC+)
                  | [potion of mutation]
  3408 | D:3      | Gained mutation: Your muscles are strong. (Str +4, Int/Dex
                  | -1) [potion of mutation]
  3408 | D:3      | Gained mutation: You have a pair of small horns on your
                  | head. [potion of mutation]
  3409 | D:3      | 3409 ||| DRINKING 2 dark potions.
  3410 | D:3      | 3410 ||| DRINKING 2 brown potions.
  3441 | D:3      | 3441 ||| DRINKING 2 amethyst potions.
  3442 | D:3      | 3442 ||| READING 2 scrolls of identify.
  3442 | D:3      | 3442 ||| IDENTIFYING gluggy blue potion
  3443 | D:3      | 3443 ||| DROPPING potion of lignification.
  3515 | D:4      | Noticed a water moccasin
  3523 | D:4      | 3523 ||| INVOKING Berserk.
  3524 | D:4      | Killed a water moccasin
  3525 | D:4      | Reached XP level 6. HP: 24/38 MP: 6/6
  3536 | D:4      | Reached skill level 6 in Axes
  3556 | D:4      | 3556 ||| FLEEEEING.
  3561 | D:4      | 3561 ||| STAIRDANCE
  3697 | D:4      | 3697 ||| INVOKING Berserk.
  3705 | D:4      | 3705 ||| STAIRDANCE
  3830 | D:4      | 3830 ||| Stepping ~*~*~tactically~*~*~ (stealth).
  3831 | D:4      | 3831 ||| Stepping ~*~*~tactically~*~*~ (stealth).
  3839 | D:4      | Reached XP level 7. HP: 40/43 MP: 7/7
  3928 | D:4      | Noticed Natasha
  3929 | D:4      | 3929 ||| Stepping ~*~*~tactically~*~*~ (hiding).
  3930 | D:4      | 3930 ||| Stepping ~*~*~tactically~*~*~ (hiding).
  3934 | D:4      | 3934 ||| INVOKING Berserk.
  3936 | D:4      | Killed Natasha
  3937 | D:4      | Reached skill level 7 in Axes
  4105 | D:4      | Noticed Natasha
  4108 | D:4      | 4108 ||| INVOKING Berserk.
  4110 | D:4      | Killed Natasha
  4153 | D:4      | Noticed Natasha
  4154 | D:4      | 4154 ||| Stepping ~*~*~tactically~*~*~ (stealth).
  4160 | D:4      | 4160 ||| INVOKING Berserk.
  4161 | D:4      | Killed Natasha
  4371 | D:4      | 4371 ||| INVOKING Berserk.
  4714 | D:4      | Reached *** piety under Trog
  4720 | D:4      | 4720 ||| DROPPING +2 leather armour of cold resistance.
  4721 | D:4      | 4721 ||| DRINKING 2 murky blue potions.
  4722 | D:4      | 4722 ||| DRINKING 2 clear potions.
  4723 | D:4      | 4723 ||| DROPPING potion of magic.
  4760 | D:5      | Entered Level 5 of the Dungeon
  4833 | D:5      | 4833 ||| Stepping ~*~*~tactically~*~*~ (stealth).
  4889 | D:5      | 4889 ||| Stepping ~*~*~tactically~*~*~ (stealth).
  4901 | D:5      | 4901 ||| INVOKING Berserk.
  4923 | D:5      | 4923 ||| FLEEEEING.
  4924 | D:5      | 4924 ||| FLEEEEING.
  5211 | D:5      | Found a sacrificial altar of Ru.
  5225 | D:5      | Found Huopliyg's Magic Scroll Shop.
  5226 | D:5      | Found Kotab's Distillery.
  5230 | D:5      | 5230 ||| BUYING scroll of identify (20 gold).
  5230 | D:5      | Bought a scroll of identify for 20 gold pieces
  5230 | D:5      | 5230 ||| BUYING scroll of teleportation (30 gold).
  5230 | D:5      | Bought a scroll of teleportation for 30 gold pieces
  5230 | D:5      | 5230 ||| BUYING scroll of teleportation (30 gold).
  5230 | D:5      | Bought a scroll of teleportation for 30 gold pieces
  5235 | D:5      | 5235 ||| BUYING 2 potions of curing (66 gold).
  5235 | D:5      | Bought 2 potions of curing for 66 gold pieces
  5235 | D:5      | 5235 ||| BUYING potion of curing (33 gold).
  5235 | D:5      | Bought a potion of curing for 33 gold pieces
  5235 | D:5      | 5235 ||| BUYING potion of heal wounds (55 gold).
  5235 | D:5      | Bought a potion of heal wounds for 55 gold pieces
  5235 | D:5      | 5235 ||| SHOPLISTING potion of heal wounds (55 gold, have
                  | 13).
  5436 | D:5      | 5436 ||| UPGRADING to +0 chain mail.
  5446 | D:5      | 5446 ||| DROPPING +0 scale mail.
  5447 | D:5      | 5447 ||| READING scroll labelled HUKIOTRATEW.
  5448 | D:5      | 5448 ||| READING 5 scrolls of identify.
  5448 | D:5      | 5448 ||| IDENTIFYING bubbling inky potion
  5449 | D:5      | 5449 ||| READING 4 scrolls of identify.
  5449 | D:5      | 5449 ||| IDENTIFYING bubbling golden potion
  5524 | D:6      | Reached skill level 3 in Armour
  5524 | D:6      | Reached XP level 8. HP: 47/49 MP: 8/8
  5596 | D:6      | 5596 ||| INVOKING Berserk.
  5600 | D:6      | Reached skill level 8 in Axes
  5740 | D:6      | 5740 ||| INVOKING Berserk.
  5904 | D:6      | Reached skill level 6 in Fighting
  6101 | D:6      | Found a staircase to the Ecumenical Temple.
  6474 | D:6      | 6474 ||| UPGRADING to ring of willpower.
  6475 | D:6      | 6475 ||| READING scroll labelled NIFUPN HICLASA.
  6476 | D:6      | 6476 ||| READING scroll labelled UDOADGH ERPHERPH.
  6477 | D:6      | 6477 ||| READING scroll labelled XOUVEOCIJA.
  6477 | D:6      | Identified a scroll of acquirement
  6477 | D:6      | 6477 ||| ACQUIRING ring of the Zealous Tangerine {rPois
                  | rCorr Dex+4}
  6477 | D:6      | Acquired the ring of the Zealous Tangerine {rPois rCorr
                  | Dex+4}
  6479 | D:6      | 6479 ||| UPGRADING to ring of the Zealous Tangerine {rPois
                  | rCorr Dex+4}.
  6480 | D:6      | 6480 ||| READING scroll labelled SAIMUC USIYS.
  6533 | D:7      | Noticed a wyvern
  6540 | D:7      | 6540 ||| INVOKING Berserk.
  6540 | D:7      | HP: 19/76 [wyvern (14)]
  6544 | D:7      | Killed a wyvern
  6831 | D:7      | 6831 ||| INVOKING Berserk.
  6839 | D:7      | Reached skill level 9 in Axes
  6999 | D:7      | 6999 ||| SWAPPING to +0 broad axe.
  7072 | D:7      | 7072 ||| Stepping ~*~*~tactically~*~*~ (stealth).
  7076 | D:7      | 7076 ||| INVOKING Berserk.
  7081 | D:7      | Reached XP level 9. HP: 56/56 MP: 9/9
  7354 | D:7      | Found a glowing silver altar of Zin.
  7355 | D:7      | Found an ancient bone altar of Kikubaaqudgha.
  7612 | D:7      | 7612 ||| Stepping ~*~*~tactically~*~*~ (stealth).
  7613 | D:7      | Noticed Joseph
  7614 | D:7      | 7614 ||| Stepping ~*~*~tactically~*~*~ (stealth).
  7621 | D:7      | 7621 ||| Stepping ~*~*~tactically~*~*~ (stealth).
  7643 | D:7      | 7643 ||| FLEEEEING.
  7652 | D:7      | 7652 ||| FLEEEEING.
  7664 | D:7      | 7664 ||| INVOKING Berserk.
  7666 | D:7      | Killed Joseph
  7903 | D:7      | 7903 ||| INVOKING Berserk.
  8022 | D:7      | 8022 ||| INVOKING Berserk.
  8162 | D:7      | 8162 ||| UPGRADING to +0 plate armour.
  8172 | D:7      | 8172 ||| DROPPING +0 chain mail.
  8173 | D:7      | 8173 ||| UPGRADING to amulet of the acrobat.
  8178 | D:7      | 8178 ||| READING scroll labelled OXUEMU DEETHRE.
  8179 | D:7      | 8179 ||| READING scroll labelled GIUMAO UQIMU.
  8240 | D:7      | 8240 ||| READING 5 scrolls of identify.
  8240 | D:7      | 8240 ||| IDENTIFYING sedimented dark potion
  8241 | D:7      | 8241 ||| READING 4 scrolls of identify.
  8241 | D:7      | 8241 ||| IDENTIFYING sapphire potion
  8242 | D:7      | 8242 ||| DROPPING potion of flight.
  8243 | D:7      | 8243 ||| DROPPING potion of degeneration.
  8326 | D:8      | 8326 ||| STAIRDANCE
  8334 | D:8      | 8334 ||| STAIRDANCE
  8430 | D:8      | 8430 ||| STAIRDANCE
  8744 | D:8      | 8744 ||| Stepping ~*~*~tactically~*~*~ (stealth).
  8752 | D:8      | Reached skill level 10 in Axes
  9033 | D:8      | 9033 ||| INVOKING Berserk.
  9275 | D:8      | Reached skill level 6 in Armour
  9308 | D:8      | 9308 ||| Stepping ~*~*~tactically~*~*~ (hiding).
  9315 | D:8      | 9315 ||| INVOKING Berserk.
  9326 | D:8      | Reached skill level 1 in Throwing
  9729 | D:8      | Reached XP level 10. HP: 53/64 MP: 10/10
  9935 | D:8      | 9935 ||| READING scroll labelled ZEN LIRIBB.
  9936 | D:8      | 9936 ||| READING scroll labelled CIZEIWAETA.
  9937 | D:8      | 9937 ||| READING 5 scrolls of identify.
  9937 | D:8      | 9937 ||| IDENTIFYING green potion
  9938 | D:8      | 9938 ||| DROPPING potion of invisibility.
 10003 | D:9      | 10003 ||| STAIRDANCE
 10062 | D:9      | 10062 ||| STAIRDANCE
 10070 | D:8      | 10070 ||| INVOKING Berserk.
 10262 | D:9      | 10262 ||| STAIRDANCE
 10295 | D:9      | 10295 ||| STAIRDANCE
 10344 | D:9      | 10344 ||| STAIRDANCE
 10413 | D:9      | 10413 ||| STAIRDANCE
 10415 | D:8      | 10415 ||| INVOKING Berserk.
 10567 | D:9      | Found a flagged portal.
 10569 | D:9      | Found a transporter.
 10569 | D:9      | Found a transporter.
 10590 | D:9      | Found a transporter.
 10609 | D:9      | Noticed Harold
 10612 | D:9      | 10612 ||| INVOKING Berserk.
 10620 | D:9      | Killed Harold
 10621 | D:9      | Reached skill level 11 in Axes
 10669 | D:9      | 10669 ||| Stepping ~*~*~tactically~*~*~ (cloud).
 10672 | D:9      | 10672 ||| INVOKING Berserk.
 10752 | D:9      | Found Neaba's Weapon Shop.
 10756 | D:9      | 10756 ||| INVOKING Berserk.
 10796 | D:9      | Noticed a kobold demonologist
 10797 | D:9      | 10797 ||| FLEEEEING.
 10798 | D:9      | 10798 ||| FLEEEEING.
 10798 | D:9      | Noticed a kobold demonologist
 10799 | D:9      | 10799 ||| FLEEEEING.
 10802 | D:9      | Noticed a kobold demonologist
 10813 | D:9      | Killed a kobold demonologist
 10816 | D:9      | 10816 ||| INVOKING Berserk.
 10818 | D:9      | HP: 19/97 [red devil/+0 trident[a kobold demonologist]
                  | (10)]
 10821 | D:9      | Killed a kobold demonologist
 10822 | D:9      | Reached skill level 9 in Fighting
 10823 | D:9      | HP: 19/99 [red devil/+0 trident[a kobold demonologist] (1)]
 10824 | D:9      | Reached **** piety under Trog
 10824 | D:9      | HP: 2/99 [red devil/+0 trident[a kobold demonologist] (9)]
 10826 | D:9      | Killed a kobold demonologist
 10827 | D:9      | Slain by a kobold brigand

Levels and vault maps discovered:
D:1:      dpeg_arrival_simpleton_b, layout_loops_ring,
          chequers_ecumenical_altar_simple, hangedman_abyss_or_decor_stabs,
          minmay_tetromino_s4
D:2:      layout_loops_corners, basic_altar, amcnicky_mini_pool_small,
          ebering_dispersal_statue_hall
D:3:      minmay_bubble_buster, layout_loops_ring, grunt_decor_resistance,
          lexackson_kobold_supper
D:4:      layout_loops_ring, uniq_natasha
D:5:      layout_gridville, mainiacjoe_overflow_chevrons,
          nicolae_wooded_promenade, st_stairs_1
D:6:      layout_basic, minmay_temple_entry_statues_pillars
D:7:      layout_loops_ring, mainiacjoe_overflow_divided_tiny,
          corexii_checkpoint_b, kennysheep_big_empty_room, uniq_joseph
D:8:      layout_cave_pods
D:9:      layout_rooms, enter_bailey_5, serial_shops,
          nicolae_shop_bloodbath_and_beyond, serial_nicolae_subway,
          nicolae_sub_station_metal, nicolae_sub_station_stone,
          nicolae_sub_station_crystal, uniq_harold

Skill      XL: |  1  2  3  4  5  6  7  8  9 10 |
---------------+-------------------------------+-----
Axes           | 3 4 5 6 7 9 10 11 | 11.5
Fighting       | 4 5 6 8 9 |  9.3
Armour         | 3 6 |  6.0
Dodging        | 2 |  2.1
Throwing       | 1 |  1.0

Action                   |  1- 3 |  4- 6 |  7- 9 | 10-12 || total
-------------------------+-------+-------+-------+-------++-------
Melee: Hand axe          |   132 |    14 |       |       ||   146
       War axe           |       |   143 |   129 |       ||   272
       Headbutt          |       |     5 |    45 |    15 ||    65
       Punch             |       |     1 |     2 |     1 ||     4
       Broad axe         |       |       |   141 |    85 ||   226
Throw: Boomerang         |       |       |     2 |     2 ||     4
Invok: Berserk           |     2 |     2 |    15 |     6 ||    25
  Use: Scroll            |     1 |     4 |    11 |     3 ||    19
       Potion            |       |     4 |     2 |       ||     6
Armor: Animal skin       |    47 |       |       |       ||    47
       Ring mail         |    24 |     7 |       |       ||    31
       Scale mail        |       |    71 |    36 |       ||   107
       Chain mail        |       |       |    55 |       ||    55
       Plate armour      |       |       |    67 |   112 ||   179
Dodge: Dodged            |    98 |    68 |   102 |    88 ||   356

Table legend:
 A = Non-vault XP
 B = Vault XP
 C = Vault XP percentage of total XP
 D = Non-vault monster count
 E = Vault monster count
 F = Vault count percentage of total count
                 A         B        C        D         E       F
            +---------+---------+-------+---------+---------+-------
      Total |    6339 |    1452 |  18.6 |     164 |      33 |  16.8
            +---------+---------+-------+---------+---------+-------
        D:1 |      45 |       4 |   8.2 |      26 |       2 |   7.1
        D:2 |      62 |       0 |   0.0 |      16 |       0 |   0.0
        D:3 |      38 |      60 |  61.2 |       9 |      22 |  71.0
        D:4 |     622 |      36 |   5.5 |      17 |       1 |   5.6
        D:5 |     269 |      10 |   3.6 |       7 |       2 |  22.2
        D:6 |     673 |       0 |   0.0 |      10 |       0 |   0.0
        D:7 |    1054 |     450 |  29.9 |      25 |       1 |   3.8
        D:8 |    1840 |       0 |   0.0 |      39 |       0 |   0.0
        D:9 |    1736 |     892 |  33.9 |      15 |       5 |  25.0
            +---------+---------+-------+---------+---------+-------
